 Dungeon Crawl Stone Soup version 0.25-b1-23-ge2ad7d536c (webtiles) character file.

Game seed: 2306391805040927585, levelgen mode: deterministic

911 dorian the Firebug (level 7, 0/50 HPs)
             Began as a Black Draconian Fire Elementalist on June 2, 2020.
             Was a Follower of Vehumet.
             Killed by divine providence
             ... invoked by an orc priest
              (13 damage)
             ... on level 5 of the Dungeon.
             The game lasted 00:17:38 (5508 turns).

dorian the Firebug (DrFE)                           Turns: 5508, Time: 00:17:40

Health: 0/50       AC:  7    Str: 11    XL:     7   Next: 82%
Magic:  2/13       EV: 15    Int: 23    God:    Vehumet [*.....]
Gold:   29         SH:  5    Dex: 11    Spells: 10/14 levels left

rFire    + . .     SeeInvis .   s - +1 spear of Xuipn {flame, +Inv Int+6} (curse)
rCold    . . .     Gourm    .   f - +2 buckler
rNeg     . . .     Faith    .   (armour unavailable)
rPois    .         Spirit   .   (helmet restricted)
rElec    +         Reflect  .   x - +0 cloak
rCorr    .         Harm     .   (no gloves)
MR       .....                  (no boots)
Stlth    ++........             (no amulet)
HPRegen  0.16/turn              k - +4 ring of evasion
MPRegen  0.13/turn              o - ring of protection from fire

@: no status effects
A: breathe lightning, unfitting armour, electricity resistance, cold-blooded, AC
+6
a: Breathe Lightning, Renounce Religion, Evoke Invisibility


You were on level 5 of the Dungeon.
You worshipped Vehumet.
Vehumet was aware of your devotion.
You were not hungry.

You visited 1 branch of the dungeon, and saw 5 of its levels.

You collected 237 gold pieces.
You spent 208 gold pieces at shops.

Inventory:

Hand Weapons
 c - a +0 spear
 p - a +0 halberd
 s - the cursed +1 spear of Xuipn (weapon) {flame, +Inv Int+6}
   (You bought it in a shop on level 4 of the Dungeon)

   It has been specially enchanted to burn those struck by it, causing extra
   injury to most foes and up to half again as much damage against particularly
   susceptible opponents.
   It affects your intelligence (+6).
   It lets you turn invisible.
   It has a curse placed upon it.
Armour
 f - a +2 buckler (worn)
 x - a +0 cloak (worn)
Jewellery
 k - a +4 ring of evasion (left hand)
 o - a ring of protection from fire (right hand)
 u - an uncursed ring of positive energy {unknown}
 y - an uncursed amulet of guardian spirit {unknown}
Wands
 m - a wand of random effects (24)
Scrolls
 a - 3 scrolls of enchant armour {unknown}
 d - 2 scrolls of magic mapping {unknown}
 g - 7 scrolls of identify {unknown}
 h - 3 scrolls of teleportation {unknown}
 i - 2 scrolls of remove curse {unknown}
 l - a scroll of random uselessness {unknown}
 z - a scroll of enchant weapon {unknown}
Potions
 e - a potion of experience {unknown}
 j - a potion of flight {unknown}
 n - 2 potions of cancellation {unknown}
 q - 2 potions of brilliance {unknown}
 r - 2 potions of curing {unknown}
 t - a potion of stabbing {unknown}
 v - a potion of resistance {unknown}
Comestibles
 b - 5 rations


   Skills:
 - Level 1.7 Dodging
 - Level 1.7 Stealth
 - Level 4.0 Spellcasting
 + Level 5.7 Conjurations
 + Level 6.4 Fire Magic


You had 10 spell levels left.
You knew the following spells:

 Your Spells              Type           Power        Failure   Level  Hunger
a - Foxfire               Conj/Fire      ####         1%          1    None
b - Conjure Flame         Conj/Fire      ####....     4%          3    ##.....

Your spell library contained the following spells:

 Spells                   Type           Power        Failure   Level  Hunger
 Freeze                   Ice            #...         17%         1    None
 Inner Flame              Hex/Fire       ###.....     14%         3    ##.....
 Sticky Flame             Conj/Fire      ####....     14%         4    ####...
 Dazzling Flash           Conj/Hex       ###...       16%         3    ##.....
 Corona                   Hex            #......      17%         1    None
 Ensorcelled Hibernation  Hex/Ice        #.....       26%         2    #......
 Fireball                 Conj/Fire      ####......   38%         5    ######.
 Confusing Touch          Hex            #.......     45%         3    ##.....
 Tukima's Dance           Hex            #.......     45%         3    ##.....


Dungeon Overview and Level Annotations

Branches:
Dungeon (5/15)
 Temple: D:4-7

Altars:
Trog
Uskayaw
Vehumet

Shops:
D:4 (

Annotations:
D:4 Sigmund


Innate Abilities, Weirdness & Mutations

You can breathe wild blasts of lightning.
Your glossy black scales are hard. (AC +6)
You cannot fit into any form of body armour.
You are resistant to electric shocks. (rElec)
You are cold-blooded and may be slowed by cold attacks.


Message History

The orc wizard is almost dead.
The foxfire hits the orc wizard.
You kill the orc wizard!
Vehumet accepts your kill. Vehumet offers you knowledge of Freeze.
You feel your power returning.
The foxfire hits the orc priest.
The orc priest is moderately wounded.
The orc priest mumbles some strange prayers to Beogh against you.
Beogh smites you!
* * * LOW HITPOINT WARNING * * *
Casting: Foxfire (safe; 1% risk of failure)
Confirm with . or Enter, or press ? or * to list all spells.
You conjure some foxfire!
Casting: Foxfire (safe; 1% risk of failure)
Confirm with . or Enter, or press ? or * to list all spells.
You conjure some foxfire!
The foxfire hits the orc priest.
The orc priest is severely wounded.
The orc priest mumbles some strange prayers to Beogh against you.
Beogh smites you!
You die...

###.....#.............#...#.#####
......###.#############.#..
......# #.##.....# #. ......#
#.##.###.###.# .. ......#
#....#..>o.o.##. ......#
###..#.#.###### ....###
#....#o##### ##### #.####)v...#
...# #@v...# .....)§v....+
............# ........######
........ ....... ....... ....###


You could see an orc priest and an orc wizard.

Vanquished Creatures
  A water moccasin (D:5)
  A sky beast (D:5)
  An ogre (D:3)
  A big kobold (D:4)
  A scorpion (D:5)
  2 orc priests (D:5)
  A centaur skeleton (D:4)
  An iguana (D:5)
  4 orc wizards
  3 worker ants
  3 gnolls (D:3)
  6 adders
  2 oozes
  An adder skeleton (D:4)
  A dart slug (D:2)
  2 leopard geckos (D:4)
  18 orcs
  3 ball pythons
  2 giant cockroaches
  6 goblins
  7 hobgoblins
  7 jackals
  2 kobolds (D:2)
  A quokka (D:3)
  5 bats
  3 frilled lizards
  12 rats
97 creatures vanquished.

Vanquished Creatures (collateral kills)
  An orc priest (D:4)
1 creature vanquished.

Vanquished Creatures (others)
  191 foxfires
191 creatures vanquished.

Grand Total: 289 creatures vanquished

Notes
Turn   | Place    | Note
-------+----------+-------------------------------------------
     0 | D:1      | dorian the Draconian Fire Elementalist began the quest for
                  | the Orb.
     0 | D:1      | Reached XP level 1. HP: 14/14 MP: 3/3
     0 | D:1      | Noticed a ghoul
     0 | D:1      | Noticed an ogre
     3 | D:1      | Noticed an elf
     3 | D:1      | Noticed an ogre
    13 | D:1      | Noticed a ghoul
    15 | D:1      | Noticed a spriggan
    15 | D:1      | Noticed a merfolk zombie
    17 | D:1      | Noticed a minotaur skeleton
    17 | D:1      | Noticed a troll
    19 | D:1      | Noticed an octopode
    21 | D:1      | Noticed a spriggan
   881 | D:1      | Reached XP level 2. HP: 20/20 MP: 5/5
  1281 | D:2      | Reached XP level 3. HP: 23/26 MP: 6/6
  1318 | D:2      | Learned a level 3 spell: Conjure Flame
  2399 | D:3      | Found a radiant altar of Vehumet.
  2454 | D:3      | Became a worshipper of Vehumet
  2482 | D:3      | Reached XP level 4. HP: 33/33 MP: 4/8
  2658 | D:3      | Found a bloodstained altar of Trog.
  3429 | D:3      | Reached skill level 4 in Fire Magic
  3433 | D:3      | Reached * piety under Vehumet
  3433 | D:3      | Offered knowledge of Shock by Vehumet.
  3707 | D:3      | Reached XP level 5. HP: 38/38 MP: 6/9
  3739 | D:4      | Noticed an ogre
  3809 | D:3      | Killed an ogre
  3980 | D:4      | Found Appuganu's Antique Weapon Emporium.
  4214 | D:4      | Reached XP level 6. HP: 31/45 MP: 2/11
  4656 | D:4      | Reached skill level 5 in Fire Magic
  4732 | D:4      | Noticed Sigmund
  4903 | D:4      | Bought a crystal spear for 208 gold pieces
  4903 | D:4      | Identified the cursed +1 spear of Xuipn {flame, +Inv Int+6}
                  | (You bought it in a shop on level 4 of the Dungeon)
  4936 | D:5      | Entered Level 5 of the Dungeon
  4936 | D:5      | Found a hide-covered altar of Uskayaw.
  4984 | D:5      | Noticed a sky beast
  4994 | D:5      | Killed a sky beast
  4994 | D:5      | Your scales start taking on a glossy black colour.
  4994 | D:5      | Reached XP level 7. HP: 50/50 MP: 10/13
  4994 | D:5      | Gained mutation: You are resistant to electric shocks.
                  | (rElec) [Black Draconian growth]
  5247 | D:5      | Reached skill level 5 in Conjurations
  5340 | D:5      | Reached skill level 6 in Fire Magic
  5506 | D:5      | Offered knowledge of Freeze by Vehumet.
  5508 | D:5      | Killed from afar by an orc priest

Illustrated notes

Levels and vault maps discovered:
D:1:      shiori_arrival_whats_in_store_for_you, layout_loops_ring,
          minmay_rat_gold_closets
D:2:      layout_loops_ring
D:3:      layout_basic, nicolae_overflow_crystal_walls, lightli_temple_of_fire,
          first_ration, kennysheep_generic_room_16
D:4:      layout_loops_ring, serial_shops, nicolae_shop_behind_doors,
          serial_bayou_lagoon_a, minmay_box_of_dots, uniq_sigmund, uniq_grinder
D:5:      layout_basic, eat_drink_and_be_merry_uskayaw,
          gammafunk_temple_overflow_pools

Skill      XL: |  1  2  3  4  5  6  7 |
---------------+----------------------+-----
Conjurations   | 2 3 4 5 |  5.7
Spellcasting   | 3 4 |  4.0
Fire Magic     | 4 5 6 |  6.4
Dodging        | |  1.7
Stealth        | |  1.7

Action                   |  1- 3 |  4- 6 |  7- 9 || total
-------------------------+-------+-------+-------++-------
Melee: Unarmed           |   283 |    77 |       ||   360
       Tailslap          |    20 |    12 |     1 ||    33
       Spear             |       |    50 |    10 ||    60
 Cast: Foxfire           |    24 |    99 |    51 ||   174
  Use: Potion            |       |     2 |       ||     2
 Stab: Sleeping          |     7 |     1 |       ||     8
  Eat: Chunk             |     6 |     8 |     1 ||    15
Armor: Skin              |    69 |    32 |     4 ||   105
Dodge: Dodged            |   195 |   100 |    17 ||   312
Block: Buckler           |    62 |    20 |     4 ||    86
